 Dungeon Crawl Stone Soup version 0.31-a0-198-g2ad674f65e (webtiles) character file.

Game seed: 11739668141748141759

112268 Anon1729 the Warrior (level 16, 0/151 HPs)
             Began as a Minotaur Monk on June 25, 2023.
             Was a Follower of Uskayaw.
             Slain by a salamander
             ... wielding a +0 halberd
              (14 damage)
             ... on level 1 of the Snake Pit.
             The game lasted 00:21:43 (28829 turns).

Anon1729 the Warrior (Minotaur Monk)               Turns: 28829, Time: 00:21:44

Health: 0/151      AC: 22    Str: 12    XL:     16   Next: 11%
Magic:  24/24      EV: 17    Int: 13    God:    Uskayaw [*.....]
Gold:   1826       SH:  5    Dex: 30    Spells: 15/15 levels left

rFire   . . .        B - +2 dagger (elec)
rCold   + . .        d - orb {light}
rNeg    . . .        i - +2 chain mail {rPois}
rPois   +            b - +0 hat {Int+3}
rElec   .            (no cloak)
rCorr   .            M - +1 pair of gloves "Zizikk" {Str-5 Dex+4}
SInv    .            (no boots)
Will    +....        V - amulet of reflection Stlth
                     W - +6 ring of dexterity
HPRegen 0.45/turn    a - ring of Xuobbuock {rC+ AC+4 Int+3}
MPRegen 0.19/turn

%: reflection
@: glowing
A: horns 2, retaliatory headbutt
a: Renounce Religion, Stomp


You were on level 1 of the Snake Pit.
You worshipped Uskayaw.
Uskayaw was pleased with you.
You visited 5 branches of the dungeon, and saw 24 of its levels.

You collected 1944 gold pieces.
You spent 118 gold pieces at shops.

Inventory:

Hand Weapons
 p - a +4 dagger of venom
 B - a +2 dagger of electrocution (weapon)
Missiles
 E - 3 curare-tipped darts
 R - a throwing net
Armour
 b - a +0 hat of intelligence (worn)
 c - the +5 scale mail of the Midnight Sun {rElec Int-2 Slay+3}
   (You found it on level 4 of the Dungeon)

   Int:       It affects your intelligence (-2).
   Slay:      It affects your accuracy & damage with ranged weapons and melee
   (+3).
   rElec:     It insulates you from electricity.
 d - an orb of light (worn)
 i - a +2 chain mail of poison resistance (worn)
 M - the +1 pair of gloves "Zizikk" (worn) {Str-5 Dex+4}
   (You found it on level 7 of the Dungeon)

   Str:       It affects your strength (-5).
   Dex:       It affects your dexterity (+4).
Jewellery
 a - the ring of Xuobbuock (right hand) {rC+ AC+4 Int+3}
   (You found it on level 5 of the Lair of Beasts)

   [ring of protection]

   AC:        It affects your AC (+4).
   Int:       It affects your intelligence (+3).
   rC:        It protects you from cold.
 j - a ring of positive energy
 r - a ring of wizardry
 v - a +6 ring of strength
 y - an amulet of magic regeneration
 V - an amulet of reflection (around neck)
 W - a +6 ring of dexterity (left hand)
 Z - a +6 ring of dexterity
Wands
 n - a wand of roots (25)
 u - a wand of mindburst (2)
 w - a wand of charming (16)
 D - a wand of polymorph (11)
 H - a wand of acid (13)
 I - a wand of flame (34)
Scrolls
 f - 9 scrolls of enchant armour
 h - 3 scrolls of fog
 o - a scroll of identify
 s - 2 scrolls of immolation
 t - 5 scrolls of teleportation
 x - 5 scrolls of fear
 z - 2 scrolls of enchant weapon
 F - 3 scrolls of vulnerability
 G - 6 scrolls of revelation
 J - a scroll of poison
 O - a scroll of blinking
 S - a scroll of torment
 T - 2 scrolls of amnesia
 U - 2 scrolls of silence
Potions
 g - 3 potions of cancellation
 k - 7 potions of mutation
 l - a potion of resistance
 m - 4 potions of haste
 q - 3 potions of curing
 C - 2 potions of attraction
 K - 4 potions of enlightenment
 L - a potion of ambrosia
 N - a potion of berserk rage {unknown}
 P - 7 potions of might
 Q - a potion of brilliance {unknown}
 X - a potion of invisibility {unknown}
 Y - a potion of lignification {unknown}
Miscellaneous
 e - a phantom mirror (inert)
 A - a condenser vane (inert)


   Skills:
 + Level 15.9 Fighting
 + Level 14.8 Short Blades
 + Level 15.6 Armour
 + Level 14.8 Dodging
 + Level 13.2 Invocations
 + Level 3.5 Evocations


You had 15 spell levels left.
You didn't know any spells.
Your spell library contained the following spells:

 Spells                   Type           Power      Damage    Failure   Level
 Beastly Appendage        Tmut           0%         N/A       95%         1
 Shock                    Conj/Air       0%         1d3       95%         1
 Blink                    Tloc           0%         N/A       99%         2
 Lesser Beckoning         Tloc           0%         N/A       99%         2
 Wereblood                Tmut           0%         N/A       99%         2
 Gell's Gravitas          Tloc           0%         N/A       100%        3
 Ozocubu's Armour         Ice            0%         N/A       100%        3
 Spider Form              Tmut/Pois      0%         N/A       100%        3
 Stone Arrow              Conj/Erth      0%         3d7       100%        3
 Swiftness                Air            0%         N/A       100%        3
 Teleport Other           Tloc           0%         N/A       100%        3
 Airstrike                Air            0%         2d(0-16)  100%        4
 Animate Armour           Summ/Erth      0%         N/A       100%        4
 Manifold Assault         Tloc           0%         N/A       100%        4
 Petrify                  Tmut/Erth      0%         N/A       100%        4
 Iskenderun's Battlesphe  Conj           0%         2d6       100%        5
 Metabolic Englaciation   Hex/Ice        0%         N/A       100%        5
 Leda's Unmaking          Conj/Erth      0%         9d1       100%        6
 Statue Form              Tmut/Erth      0%         N/A       100%        6
 Ozocubu's Refrigeration  Ice            0%         4d7       100%        7
 Spellforged Servitor     Conj/Summ      0%         N/A       100%        7
 Storm Form               Tmut/Air       0%         N/A       100%        7
 Lehudib's Crystal Spear  Conj/Erth      0%         10d2      100%        8


Dungeon Overview and Level Annotations

Branches:
Dungeon (15/15)            Temple (1/1) D:4            Lair (5/5) D:10
  Swamp (0/4) Lair:2        Snake (1/4) Lair:3        Slime (0/5) Lair:4
    Orc (2/2) D:10            Elf (0/3) Orc:2        Vaults (0/5) D:14
 Depths (0/4) D:15

Altars:
Ashenzari
Cheibriados
Dithmenos
Elyvilon
Fedhas
Gozag
Hepliaklqana
Kikubaaqudgha
Makhleb
Nemelex Xobeh
Okawaru
Qazlal
Ru
Sif Muna
Trog
Uskayaw
Vehumet
Wu Jian
Xom
Yredelemnul
Zin
The Shining One
Jiyva

Shops:
D:4 *   D:14 (   Orc:2 *(=[


Innate Abilities, Weirdness & Mutations

You have a pair of horns on your head.
You reflexively headbutt those who attack you in melee.


Message History

You feel better.
Okay, then.
The salamander mystic seems to regain its courage.
You feel protected.
Aiming: Charm
Press: ? - help, Shift-Dir - straight line, f - salamander mystic
Aim: a salamander mystic, wielding a +3 dagger of speed and wearing a +0 robe (moderately wounded, chance to affect: 24%)
The salamander mystic is charmed.
You swap places.
What are your orders? t - Shout!
Orders for allies: a - Attack new target. p - Attack previous target. r - Retreat! s - Stop attacking. g - Guard the area. f - Follow me.
Anything else - Cancel.
Retreat in which direction?
Press: ? - help, Dir - move target, p - salamander mystic Fall back!
You start resting.
Your attacks no longer feel as feeble.
You start resting.
You start to feel less resistant.
You start resting.
A salamander comes into view. It is wielding a +0 halberd.
You start resting.
Your resistance to elements expires.
You start resting.
A salamander mystic is nearby!
The salamander hits you from afar with a +0 halberd!
* * * LOW HITPOINT WARNING * * *
You are engulfed in flames!
* * * LOW HITPOINT WARNING * * *
Aiming: Charm
Press: ? - help, Shift-Dir - straight line, f - salamander
Aim: a salamander, wielding a +0 halberd (haloed, chance to affect: 40%)
The salamander resists with some effort.
The salamander hits you from afar with a +0 halberd!
* * * LOW HITPOINT WARNING * * *
You are engulfed in flames!
You die...

#~~~~~~~~~~~
#~~~~~~~~~~~
#~~~~~~~~~~~
#~~~~~~~~~~~
###~.~~...~~~~
#.............
###########...N.........
.......^......########..
####...@#######
#....#####
#..N#.....######
#...##...).....# ##
#...#....#)###.## ###.
###.....#....#..###...
#.....#....#........
#..>.......####.....
#..######### ##....


You could see a salamander mystic and a salamander.

Vanquished Creatures
  Rupert (D:15)
  An orc warlord (Orc:2)
  A very ugly thing (D:14)
  The ghost of sastreii the Skirmisher, a journeyman DgHu (Lair:5)
  Nessos (D:14)
  An ettin (Orc:1)
  Fannar (Lair:3)
  Harold (D:9)
  A salamander tyrant (Snake:1)
  3 catoblepae (Lair:5)
  9 hydras
  4 vault guards (D:14)
  5 boulder beetles
  An ogre mage (D:13)
  An anaconda (Snake:1)
  3 centaur warriors
  Erica (Lair:2)
  4 two-headed ogres
  3 naga warriors (Snake:1)
  11 death yaks
  4 orc high priests (Orc:2)
  A vampire mage (D:15)
  4 naga sharpshooters (Snake:1)
  A shock serpent (Snake:1)
  A skyshark (Lair:5)
  2 skeletal warriors
  2 sea snakes (Snake:1)
  A naga ritualist (Snake:1)
  A necromancer (D:15)
  A golden dragon skeleton (D:15)
  Pikel (D:5)
  4 orc knights
  4 manticores
  2 mana vipers (Snake:1)
  4 deep elf pyromancers
  2 salamanders
  3 orc sorcerers (Orc:2)
  17 ugly things
  A will-o-the-wisp (Lair:2)
  4 cyclopes
  A fire giant zombie (D:15)
  A moth of wrath (Lair:5)
  3 naga magi (Snake:1)
  14 black mambas
  A fire giant skeleton (D:15)
  11 elephants
  2 gargoyles
  19 cane toads
  4 rime drakes
  Psyche (D:9)
  7 komodo dragons
  2 freezing wraiths
  8 trolls
  A meliai (D:14)
  2 polar bears (Lair:3)
  17 blink frogs
  Prince Ribbit (D:7)
  6 dream sheep (Lair:5)
  6 slime creatures (D:13)
  A culicivora (shapeshifter) (D:13)
  2 shadows
  43 yaks
  4 fire bats (D:11)
  3 basilisks
  5 wraiths
  5 wyverns
  A human (D:10)
  10 vampire mosquitoes
  2 steam dragons
  A glowing shapeshifter zombie (D:15)
  Menkaure (D:7)
  4 acid dragons
  3 wargs
  8 nagas (Snake:1)
  14 water moccasins
  A hell hound (D:11)
  An ice beast (D:6)
  33 orc warriors
  A black bear (D:10)
  3 sky beasts
  13 ogres
  9 wolves
  5 centaurs
  2 phantoms (D:5)
  A kobold brigand (D:5)
  3 lemures (D:5)
  Blork the orc (D:5)
  16 bullfrogs
  A gnoll sergeant (D:6)
  3 scorpions (D:10)
  8 wights
  A hornet simulacrum (D:15)
  16 killer bees
  4 vampire bats (Lair:1)
  4 howler monkeys
  3 electric eels (Snake:1)
  3 lava snakes (Lair:3)
  A hound (D:5)
  8 jellies
  2 gnoll boudas
  20 orc priests
  2 sleepcaps
  7 iguanas
  26 orc wizards
  15 gnolls
  11 adders
  2 shadow imps
  A white imp (D:4)
  2 worms (D:2)
  3 dart slugs
  89 orcs
  6 ball pythons
  10 bats
  4 endoplasms
  2 giant cockroaches
  10 goblins
  9 hobgoblins
  5 jackals
  4 quokkas
  6 frilled lizards
  18 kobolds
  9 rats
  2 fire vortices (D:11)
734 creatures vanquished.

Vanquished Creatures (others)
  A boulder beetle (D:14)
  A fire vortex (D:11)
  2 foxfires (Lair:2)
4 creatures vanquished.

Grand Total: 738 creatures vanquished

Notes
Turn   | Place    | Note
-------+----------+-------------------------------------------
     0 | D:1      | Anon1729 the Minotaur Monk began the quest for the Orb.
     0 | D:1      | Reached XP level 1. HP: 19/19 MP: 0/0
   122 | D:1      | Reached XP level 2. HP: 27/27 MP: 1/1
   256 | D:1      | Reached skill level 1 in Armour
   587 | D:1      | Reached skill level 1 in Invocations
   587 | D:1      | Reached XP level 3. HP: 33/33 MP: 2/2
   626 | D:1      | Found a faded altar of an unknown god.
  1139 | D:2      | Reached XP level 4. HP: 39/40 MP: 3/3
  2025 | D:4      | Reached XP level 5. HP: 34/47 MP: 5/5
  2221 | D:4      | Found a hide-covered altar of Uskayaw.
  2247 | D:4      | Found Wihacise's Assorted Antiques.
  2259 | D:4      | Bought a scroll labelled LUB UNUAWN for 26 gold pieces
  2259 | D:4      | Bought a scroll labelled FEKON HIELA for 26 gold pieces
  2259 | D:4      | Bought a scroll labelled TYENAE HYCY for 26 gold pieces
  2366 | D:4      | Found a staircase to the Ecumenical Temple.
  2567 | D:4      | Reached XP level 6. HP: 28/52 MP: 6/6
  2776 | D:4      | Reached skill level 5 in Fighting
  2840 | D:4      | Identified the +5 scale mail of the Midnight Sun {rElec
                  | Int-2 Slay+3}
  3738 | D:4      | Reached XP level 7. HP: 44/61 MP: 8/8
  3980 | D:5      | Entered Level 5 of the Dungeon
  4075 | D:5      | Reached skill level 5 in Short Blades
  4075 | D:5      | Reached skill level 5 in Dodging
  4080 | D:5      | Noticed Pikel
  4106 | D:5      | Killed Pikel
  4107 | D:5      | Reached XP level 8. HP: 24/70 MP: 9/9
  4315 | D:5      | Noticed Blork the orc
  4324 | D:5      | Killed Blork the orc
  4331 | D:5      | Reached skill level 5 in Armour
  4383 | D:5      | Found a glowing golden altar of the Shining One.
  5014 | Temple   | Entered the Ecumenical Temple
  5214 | D:4      | Became a worshipper of Uskayaw the Reveller
  5214 | D:4      | Reached * piety under Uskayaw
  5417 | D:6      | Reached ** piety under Uskayaw
  5485 | D:6      | Reached *** piety under Uskayaw
  5487 | D:6      | Reached **** piety under Uskayaw
  5670 | D:6      | Reached skill level 5 in Invocations
  5670 | D:6      | Reached XP level 9. HP: 79/79 MP: 11/11
  6163 | D:6      | Found a glowing silver altar of Zin.
  6318 | D:7      | Found a radiant altar of Vehumet.
  6573 | D:7      | Noticed Menkaure
  6583 | D:7      | Killed Menkaure
  6829 | D:7      | Identified the +1 pair of gloves "Zizikk" {Str-5 Dex+4}
  6846 | D:7      | Noticed Prince Ribbit
  6857 | D:7      | Killed Prince Ribbit
  7324 | D:8      | Found a white marble altar of Elyvilon.
  7410 | D:8      | Identified the +0 ring mail of Winter {Regen+}
  7477 | D:8      | Found an opulent altar of Gozag.
  7500 | D:8      | You fall into a shaft and drop 1 floor!
  7523 | D:9      | Reached XP level 10. HP: 83/90 MP: 13/13
  7642 | D:9      | Found a sparkling altar of Nemelex Xobeh.
  7987 | D:9      | Noticed Psyche
  7994 | D:9      | Killed Psyche
  8053 | D:9      | Reached ***** piety under Uskayaw
  8057 | D:9      | Noticed Harold
  8066 | D:9      | Reached ****** piety under Uskayaw
  8070 | D:9      | Killed Harold
  8478 | D:8      | Found an iron altar of Okawaru.
  8745 | D:7      | Found a broken altar of Ashenzari.
  9137 | D:10     | Entered Level 10 of the Dungeon
  9137 | D:10     | Noticed a purple ugly thing
  9152 | D:9      | Killed a purple ugly thing
  9354 | D:10     | Reached XP level 11. HP: 69/99 MP: 15/15
  9577 | D:10     | Reached skill level 10 in Fighting
  9722 | D:10     | Found a staircase to the Lair.
 10027 | D:10     | Found a bloodstained altar of Trog.
 10371 | D:10     | Found a staircase to the Orcish Mines.
 11135 | D:11     | Reached skill level 10 in Armour
 11146 | D:11     | Noticed a red ugly thing
 11160 | D:11     | Killed a red ugly thing
 11280 | D:11     | Reached skill level 10 in Short Blades
 11280 | D:11     | Reached skill level 10 in Dodging
 11997 | D:12     | Reached XP level 12. HP: 96/110 MP: 17/17
 12053 | D:12     | Noticed a two-headed ogre
 12063 | D:12     | Killed a two-headed ogre
 12228 | Lair:1   | Entered Level 1 of the Lair of Beasts
 13741 | Lair:2   | Noticed a death yak
 13742 | Lair:2   | Noticed a death yak
 13742 | Lair:2   | Noticed a death yak
 13743 | Lair:2   | Noticed a death yak
 13743 | Lair:2   | Noticed a death yak
 13755 | Lair:2   | Killed a death yak
 13759 | Lair:2   | Killed a death yak
 13759 | Lair:2   | Killed a death yak
 13759 | Lair:2   | Killed a death yak
 13768 | Lair:2   | Killed a death yak
 14037 | Lair:2   | Noticed Erica
 14052 | Lair:2   | Killed Erica
 14332 | Lair:2   | Reached skill level 10 in Invocations
 14336 | Lair:2   | Reached XP level 13. HP: 106/119 MP: 19/19
 14786 | Lair:2   | Found a staircase to the Swamp.
 15889 | Lair:3   | Found a staircase to the Snake Pit.
 16076 | Lair:3   | Noticed Fannar
 16092 | Lair:3   | Killed Fannar
 16608 | Lair:4   | Found a viscous altar of Jiyva.
 16619 | Lair:4   | Found a staircase to the Slime Pits.
 17337 | Lair:5   | Entered Level 5 of the Lair of Beasts
 17493 | Lair:5   | Found a transporter.
 18218 | Lair:5   | Reached XP level 14. HP: 111/129 MP: 21/21
 19264 | Lair:5   | Found a transporter.
 19267 | Lair:5   | Noticed sastreii's ghost (journeyman DgHu)
 19977 | Lair:5   | Killed sastreii's ghost
 20007 | Lair:5   | Identified the ring of Xuobbuock {rC+ AC+4 Int+3}
 20143 | Orc:1    | Entered Level 1 of the Orcish Mines
 20357 | Orc:2    | Entered Level 2 of the Orcish Mines
 20357 | Orc:2    | Found Cikyat's General Store.
 20391 | Orc:2    | Bought a scroll of fear for 40 gold pieces
 20491 | Orc:2    | Found Enyif's Antique Weapon Shop.
 20497 | Orc:2    | Noticed an orc warlord
 20731 | Orc:2    | Killed an orc warlord
 20946 | Orc:2    | Found a staircase to the Elven Halls.
 20960 | Orc:2    | Paralysed by an orc sorcerer for 3 turns
 21290 | Orc:2    | Found Ustivil's Antique Armour Boutique.
 21442 | Orc:2    | Found Neygoosta's Jewellery Boutique.
 22301 | D:13     | Reached XP level 15. HP: 124/139 MP: 23/23
 23467 | D:14     | Reached skill level 15 in Fighting
 23485 | D:14     | Found a gate to the Vaults.
 24360 | D:14     | Found Azualog's Weapon Shop.
 24592 | D:14     | Noticed Nessos
 24603 | D:14     | Killed Nessos
 24604 | D:14     | Reached skill level 1 in Evocations
 24706 | D:14     | Found a shimmering blue altar of Sif Muna.
 24734 | D:14     | Reached skill level 15 in Armour
 24969 | D:15     | Entered Level 15 of the Dungeon
 24974 | D:15     | Found a staircase to the Depths.
 25691 | D:15     | Noticed Rupert
 25691 | D:15     | Paralysed by Rupert for 4 turns
 25706 | D:15     | Killed Rupert
 27310 | Snake:1  | Entered Level 1 of the Snake Pit
 28355 | Snake:1  | Reached XP level 16. HP: 106/151 MP: 0/24
 28510 | Snake:1  | Found the +12 glaive of Prune {freeze, Prune}
 28829 | Snake:1  | Slain by a salamander

Illustrated notes

Levels and vault maps discovered:
D:1:      ncdulo_wetmaze, layout_loops_ring,
          dreamdust_ecumenical_altar_hidden_monk_grotto
D:2:      layout_loops_ring
D:3:      layout_basic
D:4:      layout_basic, mainiacjoe_overflow_alcove_1,
          minmay_temple_entry_statues_fountains, serial_shops, shop
D:5:      cheibrodos_thug_alley, layout_loops_ring, tso_metal_star, uniq_pikel,
          uniq_blork_the_orc
D:6:      layout_loops_ring, zin_treasury
D:7:      layout_basic, mainiacjoe_overflow_24_doors,
          nicolae_vehumet_altar_sigil, uniq_menkaure, uniq_prince_ribbit1
D:8:      layout_loops_ring, elyvilon_altar_5, kennysheep_mini,
          mainiacjoe_overflow_catwalk
D:9:      layout_loops_ring, mainiacjoe_overflow_concentric_impassable,
          uniq_harold, uniq_psyche
D:10:     layout_layer_cave, trog_butcher_becter, due_lair_maze_entry_diamond,
          erik_orc_4, serial_rivers, chequers_serial_rivers_micro_b,
          chequers_serial_rivers_micro_d, chequers_serial_rivers_micro_b,
          chequers_serial_rivers_large_b, chequers_serial_rivers_small_a,
          chequers_serial_rivers_micro_d
D:11:     layout_roguey [special_room_orc], hangedman_incinerator
D:12:     layout_basic, enter_trove_0, nicolae_yredelemnul_corpse_copse
D:13:     layout_basic, serial_corexii_hall, corexii_hall_statues_s,
          chequers_hall_statues_y, corexii_hall_statues_x,
          corexii_hall_statues_l
D:14:     layout_basic, lightli_vaults_fourway_checkpoint, serial_shops,
          nicolae_shop_bloodbath_and_beyond, nicolae_sif_muna_condensation,
          uniq_nessos
D:15:     gammafunk_depths_entry_grave, layout_basic, serial_glass,
          glass_columns_b, glass_columns_c, minmay_quadrilaterals, uniq_rupert
Temple:   hellmonk_temple_flake
Lair:1:   layout_layer_cave, roderic_batcave
Lair:2:   layout_small_grid, minmay_swamp_entry_wisps, uniq_erica
Lair:3:   layout_hall_layers, nicolae_snake_entry_warm_welcome,
          beast_lair_carwin_1, grunt_megastairs_3, serial_bayou_shore_b,
          infiniplex_staircase_pool_2, uniq_fannar
Lair:4:   layout_roguey, nicolae_slime_entry_field_trip
Lair:5:   evilmike_catoblepas_cave, layout_cave_shapes,
          gammafunk_ghost_berserking_beasts, grunt_megastairs_2,
          lemuel_fruit_tree
Snake:1:  layout_misc_corridors, grunt_megastairs_4, serial_bayou_shore_a
Orc:1:    layout_caves, basic_altar
Orc:2:    grunt_orc_gardens, layout_caves, grunt_orc_garden, grunt_orc_garden,
          grunt_orc_garden, grunt_orc_garden, basic_altar

Skill      XL: |  1  2  3  4  5  6  7  8  9 10 11 12 13 14 15 |
---------------+----------------------------------------------+-----
Armour         | 1 2 3 4 6 7 9 10 11 13 14 15 | 15.6
Invocations    | 1 2 3 5 6 7 8 10 11 12 13 | 13.2
Fighting       | 4 5 6 7 8 9 11 12 13 14 15 | 15.9
Short Blades   | 4 5 6 7 9 10 11 12 13 14 | 14.8
Dodging        | 4 5 6 7 9 10 11 12 13 14 | 14.8
Evocations     | 3 |  3.5

Action                     |  1- 3 |  4- 6 |  7- 9 | 10-12 | 13-15 | 16-18 || total
---------------------------+-------+-------+-------+-------+-------+-------++-------
  Melee: Short sword       |    20 |       |       |       |       |       ||    20
         Headbutt          |    14 |    32 |    74 |   175 |   536 |    24 ||   855
         Dagger            |    68 |   133 |   244 |   544 |  1397 |    67 ||  2453
 Invoke: Stomp             |       |       |       |     4 |     7 |       ||    11
         Line Pass         |       |       |       |     2 |     7 |       ||     9
         Grand Finale      |       |       |       |     1 |     1 |       ||     2
  Evoke: Wand              |       |       |       |     9 |    10 |     5 ||    24
         Condenser vane    |       |       |       |       |     2 |       ||     2
         Phantom mirror    |       |       |       |       |     1 |       ||     1
    Use: Potion            |       |     1 |       |     2 |     5 |     4 ||    12
         Scroll            |       |       |     6 |     4 |    17 |     1 ||    28
   Stab: Paralysed         |       |       |    10 |    44 |   101 |     4 ||   159
         Confused          |       |       |       |       |     6 |       ||     6
         Petrifying        |       |       |       |       |     1 |       ||     1
 Armour: Robe              |    12 |     2 |       |       |       |       ||    14
         Scale mail        |       |     2 |    68 |   132 |   279 |       ||   481
         Chain mail        |       |       |       |       |    24 |    20 ||    44
  Dodge: Dodged            |    68 |    62 |   102 |   300 |   716 |    26 ||  1274
  Block: Orb               |       |       |       |       |   188 |     6 ||   194
         Reflection        |       |       |       |       |     6 |     3 ||     9

Table legend: (Time is in decaauts)
 A = Elapsed time spent in this place.
 B = Non-inter-level travel time spent in this place.
 C = Inter-level travel time spent in this place.
 D = Time resting spent in this place.
 E = Time spent auto-exploring this place.
 F = Levels seen in this place.
 G = Mean time per level.
                   A        B        C        D        E       F      G
               +--------+--------+--------+--------+--------+-----+--------+
         Total |  27795 |  25978 |   1817 |   3201 |  19213 |  24 | 1158.1 |
       Dungeon |  16686 |  15368 |   1318 |   1712 |  11530 |  15 | 1112.4 |
        Temple |    149 |    139 |     10 |      0 |    127 |   1 |  149.0 |
          Lair |   7939 |   7602 |    337 |   1144 |   5595 |   5 | 1587.8 |
     Snake Pit |   1099 |   1099 |      0 |    115 |    733 |   1 | 1099.0 |
  Orcish Mines |   1921 |   1771 |    150 |    230 |   1227 |   2 |  960.5 |
               +--------+--------+--------+--------+--------+-----+--------+

Top non-repeatable levels by time:
  Lair:5: 2120 daAuts
    D:15: 1912 daAuts
     D:4: 1910 daAuts
  Lair:2: 1684 daAuts
    D:10: 1642 daAuts
  Lair:3: 1519 daAuts
    D:14: 1435 daAuts
  Lair:1: 1369 daAuts
    D:13: 1344 daAuts
    D:11: 1300 daAuts
     D:7: 1246 daAuts
  Lair:4: 1246 daAuts
     D:5: 1179 daAuts
 Snake:1: 1099 daAuts
   Orc:2: 1015 daAuts
